 Dungeon Crawl Stone Soup version 0.29-a0-43-g62a80824bf (webtiles) character file.

Game seed: 12033925755484557140

167 robertstho the Sneak (level 5, 0/52 HPs)
             Began as a Troll Delver on Feb 2, 2022.
             Slain by a sky beast (5 damage)
             ... on level 5 of the Dungeon.
             The game lasted 00:00:53 (102 turns).

robertstho the Sneak (Troll Delver)                  Turns: 102, Time: 00:00:54

Health: 0/52       AC:  4    Str: 22    XL:     5   Next: 23%
Magic:  4/4        EV: 10    Int:  6    God:
Gold:   19         SH:  0    Dex: 11    Spells: 4/4 levels left

rFire   + . .      SeeInvis .     - Unarmed
rCold   . . .      Faith    .   (no shield)
rNeg    . . .      Spirit   .   a - +0 robe
rPois   .          Reflect  .   (helmet restricted)
rElec   .          Harm     .   (no cloak)
rCorr   .          Rampage  .   (gloves unavailable)
Will    .....                   (boots unavailable)
Stlth   ++........              (no amulet)
HPRegen 0.97/turn               g - ring of protection from fire
MPRegen 0.09/turn               (no ring)

@: hasted, very quick
A: large, unfitting armour, claws 3, regeneration 1, shaggy fur 1, tough skin 1
a: no special abilities


You were on level 5 of the Dungeon.
You visited 1 branch of the dungeon, and saw 1 of its levels.

You collected 19 gold pieces.

Inventory:

Armour
 a - a +0 robe (worn)
Jewellery
 g - a ring of protection from fire (left claw)
Wands
 f - a wand of digging (3)
Scrolls
 b - a scroll of fog
 c - a scroll of magic mapping
 d - a scroll of fear
 h - 3 scrolls of teleportation {unknown}


   Skills:
 + Level 2.9 Fighting
 + Level 2.0 Dodging
 + Level 3.7 Stealth
 + Level 2.8 Unarmed Combat


You had 4 spell levels left.
You didn't know any spells.
Your spell library was empty.

Dungeon Overview and Level Annotations

Branches:
Dungeon (5/15)
 Temple: D:4-7

Altars:


Innate Abilities, Weirdness & Mutations

You are too large for most types of armour.
You have claws for hands.
Your natural rate of healing is unusually fast.
You are covered in fur. (AC +1)
You have tough skin. (AC +1)


Message History

Your Dodging skill increases to level 2!
You have reached level 5!
You scratch the sky beast but do no damage.
The sky beast hits you but does no damage.
You claw the sky beast!
The sky beast is heavily wounded.
The sky beast hits you. The sky beast shocks you.
* * * LOW HITPOINT WARNING * * *
You closely miss the sky beast.
The sky beast is heavily wounded.
You barely miss the sky beast.
The sky beast is heavily wounded.
The sky beast closely misses you.
You closely miss the sky beast.
The sky beast is heavily wounded.
The sky beast hits you but does no damage.
You completely miss the sky beast.
The sky beast is heavily wounded.
You closely miss the sky beast.
The sky beast is heavily wounded.
The sky beast barely misses you.
You scratch the sky beast but do no damage.
The sky beast is heavily wounded.
You claw the sky beast!
The sky beast is almost dead.
The sky beast flickers out of sight!
Deactivating autopickup; reactivate with Ctrl-A.
Something hits you but does no damage.
You miss something. Something hits you. Something shocks you.
* * * LOW HITPOINT WARNING * * *
You completely miss something. You closely miss something. Something hits you.
* * * LOW HITPOINT WARNING * * *
Something shocks you.
* * * LOW HITPOINT WARNING * * *
You barely miss something. You miss something. Your claw misses something.
Something hits you.
* * * LOW HITPOINT WARNING * * *
Something shocks you.
You die...

..... #...# $.. ..
#...# #.# .# #...#
#.##.# # #...# #.#..#
.## #... #....##...
##.#### ##.......#
###.>...# ##..)>....##
#.......###..@{.......
#.#.................#
#.......###.......#.#
.....#.....# #.##....#
####.#.....# #.###†#.#
#.##.#.## #....##.#
#......# #.##.# #
#######'## #.##.##.#
≈≈≈≈≈≈≈.≈# #.......#


There were no monsters in sight!

Vanquished Creatures
  A centaur (D:5)
  A howler monkey (D:5)
  A bullfrog skeleton (D:5)
  A hound skeleton (D:5)
  A white imp (D:5)
5 creatures vanquished.

Notes
Turn   | Place    | Note
-------+----------+-------------------------------------------
     0 | D:5      | robertstho the Troll Delver began the quest for the Orb.
     0 | D:5      | Reached XP level 1. HP: 22/22 MP: 0/0
    53 | D:5      | Noticed a howler monkey
    69 | D:5      | Killed a howler monkey
    70 | D:5      | Reached skill level 3 in Stealth
    70 | D:5      | Reached XP level 2. HP: 23/29 MP: 1/1
    70 | D:5      | Reached XP level 3. HP: 29/36 MP: 2/2
    74 | D:5      | Reached XP level 4. HP: 34/44 MP: 3/3
    77 | D:5      | Noticed a sky beast
    79 | D:5      | Noticed a centaur
    88 | D:5      | Killed a centaur
    89 | D:5      | Reached XP level 5. HP: 19/52 MP: 4/4
   102 | D:5      | Slain by a sky beast

Illustrated notes

Levels and vault maps discovered:
D:5:      layout_loops_cross, minmay_temple_entry_waves, minmay_shop_damaged,
          kennysheep_small_spiral, uniq_sigmund

Skill      XL: |  1  2  3  4 |
---------------+-------------+-----
Stealth        | 3 |  3.7
Dodging        | 2 |  2.0
Fighting       | |  2.9
Unarmed Combat | |  2.8

Action                   |  1- 3 |  4- 6 || total
-------------------------+-------+-------++-------
Melee: Unarmed           |    21 |    20 ||    41
       Punch             |     1 |     1 ||     2
  Use: Potion            |       |     1 ||     1
Armor: Robe              |     6 |     4 ||    10
Dodge: Dodged            |    10 |     9 ||    19

Table legend: (Time is in decaauts)
 A = Elapsed time spent in this place.
 B = Non-inter-level travel time spent in this place.
 C = Inter-level travel time spent in this place.
 D = Time resting spent in this place.
 E = Time spent auto-exploring this place.
 F = Levels seen in this place.
 G = Mean time per level.
                   A        B        C        D        E       F      G
               +--------+--------+--------+--------+--------+-----+--------+
         Total |     94 |     94 |      0 |      0 |     37 |   1 |   94.0 |
       Dungeon |     94 |     94 |      0 |      0 |     37 |   1 |   94.0 |
               +--------+--------+--------+--------+--------+-----+--------+

Top non-repeatable levels by time:
     D:5: 94 daAuts
